AoeStats
← 听风昕宇

Black Forest

504505625Analyzed
4v4 RM · 27d ago on Sep 5, 2026· 42m 1s· 8 players
Game mode
Random Map
Map size
Large (8 player)
Population
200
Speed
Normal
Resources
Standard
Victory
Conquest
Starting age
Dark Age
Ending age
Imperial Age
RankedLock teamsTeams togetherTeam positionsShared explorationLock speedFull tech treeHidden civsTurbo modeCheats
Victory
Defeat
🇦🇷 Malay · Argentina
1777
+7
🇨🇳 Goths · China
1698
+9
🇪🇸 Vietnamese · Spain
1668
+10
🇨🇳 Khmer · China
1571
+14
🇨🇳 Sicilians · China
1580
-11
🇨🇳 Shu · China
1560
-11
🇧🇷 Vikings · Brazil
1533
-10
🇭🇰 Celts · Hong Kong SAR China
1483
-8
Tremere
10:39 Feudal Age
14:24 Castle Age
12:32 Double-Bit Axe
12:32 Horse Collar
15:21 Bow Saw
15:27 Heavy Plow
19:59 Loom
27:57 Imperial Age
25:56 Gold Mining
25:57 Stone Mining
26:42 Coinage
26:13 Caravan
28:33 Gold Shaft Mining
28:00 Scale Mail Armor
28:02 Squires
27:47 Gambesons
28:08 Onager
29:04 Chain Mail Armor
28:38 Arson
29:48 Conscription
30:27 Banking
30:56 Plate Mail Armor
30:37 Forging
31:10 Chieftains
32:36 Murder Holes
33:01 Ballistics
33:35 Iron Casting
33:35 Crop Rotation
33:37 Elite Berserk
35:38 Blast Furnace
36:09 Chemistry
35:20 Masonry
36:18 Fletching
37:48 Pikeman
40:05 Bodkin Arrow
39:32 Elite Skirmisher
39:32 Crossbowman
胆小的菜鸟
11:21 Feudal Age
15:24 Castle Age
13:24 Double-Bit Axe
14:23 Bloodlines
14:16 Horse Collar
15:19 Scale Barding Armor
23:53 Loom
25:51 Wheelbarrow
26:26 Bow Saw
30:40 Imperial Age
28:57 Scale Mail Armor
28:44 Pikeman
29:38 Squires
30:44 Halberdier
31:38 Heavy Plow
32:46 Conscription
33:45 Chain Mail Armor
34:37 Hand Cart
34:21 Gold Mining
36:13 Chemistry
35:32 Forging
36:48 Plate Mail Armor
36:24 Town Watch
37:40 Iron Casting
38:26 Elite Serjeant
40:09 Blast Furnace
39:58 Elite Skirmisher
41:07 Fletching
40:54 Crossbowman
pray4u
0:44 Loom
12:43 Feudal Age
20:56 Fletching
26:33 Wheelbarrow
26:55 Horse Collar
27:02 Double-Bit Axe
31:05 Castle Age
33:20 Bodkin Arrow
35:57 Hand Cart
36:04 Bow Saw
36:01 Heavy Plow
42:51 Imperial Age
40:12 Gold Mining
40:13 Stone Mining
41:47 Gold Shaft Mining
-GNG-Tenma
0:43 Loom
11:07 Feudal Age
14:58 Castle Age
13:29 Double-Bit Axe
13:58 Horse Collar
23:32 Wheelbarrow
25:20 Hand Cart
25:46 Bow Saw
29:58 Imperial Age
27:25 Gold Mining
27:27 Stone Mining
28:21 Masonry
28:21 Heavy Plow
29:13 Gold Shaft Mining
29:30 Fletching
29:40 Padded Archer Armor
31:06 Conscription
30:50 Bolt Magazine
31:56 Bodkin Arrow
32:39 Bracer
32:57 Leather Archer Armor
33:04 Ballistics
33:45 Chemistry
33:26 Caravan
33:49 Pikeman
34:29 Squires
34:15 Arson
35:47 Two-Man Saw
36:26 Ring Archer Armor
36:02 Halberdier
36:44 Scale Mail Armor
36:55 Forging
38:59 Chain Mail Armor
40:21 Plate Mail Armor
犹大sama
10:26 Feudal Age
13:16 Castle Age
11:50 Horse Collar
12:01 Double-Bit Axe
15:28 Bow Saw
18:53 Wheelbarrow
21:52 Heavy Plow
23:01 Loom
23:42 Hand Cart
24:29 Town Watch
24:38 Stone Mining
24:39 Gold Mining
25:34 Husbandry
25:45 Bloodlines
29:39 Imperial Age
28:12 Gold Shaft Mining
27:34 Stone Mining
28:02 Scale Barding Armor
28:09 Forging
29:21 Chain Barding Armor
29:59 Stone Shaft Mining
29:59 Caravan
30:36 Coinage
30:56 Conscription
30:37 Tusk Swords
31:17 Plate Barding Armor
31:55 Iron Casting
31:51 Elite Battle Elephant
34:38 Blast Furnace
34:19 Banking
39:54 Crop Rotation
39:43 Devotion
42:20 Faith
钢铁直男
0:27 Loom
10:29 Feudal Age
10:42 Man-at-Arms
15:13 Double-Bit Axe
15:50 Horse Collar
19:08 Wheelbarrow
23:27 Castle Age
23:43 Stone Mining
23:43 Pikeman
24:44 Bow Saw
27:16 Hand Cart
27:50 Squires
29:09 Town Watch
31:39 Heavy Plow
34:09 Gold Mining
37:44 Imperial Age
36:18 Long Swordsman
37:19 Forging
37:45 Two-Handed Swordsman
38:28 Scale Mail Armor
39:04 Iron Casting
39:35 Chain Mail Armor
39:58 Coinage
38:56 Champion
41:45 Blast Furnace
41:41 Conscription
41:22 Anarchy
沉香
0:41 Loom
11:18 Feudal Age
13:15 Double-Bit Axe
13:13 Horse Collar
15:41 Castle Age
15:05 Horse Collar
15:58 Town Watch
21:29 Wheelbarrow
22:45 Gold Mining
25:11 Hand Cart
29:18 Imperial Age
27:21 Bow Saw
27:12 Heavy Plow
27:05 Fletching
27:16 Padded Archer Armor
27:40 Ballistics
28:54 Bodkin Arrow
29:15 Leather Archer Armor
29:22 Elite Rattan Archer
30:04 Bracer
31:30 Chemistry
30:56 Town Patrol
32:07 Paper Money
32:32 Stone Mining
33:20 Bombard Tower
33:40 Ring Archer Armor
34:32 Caravan
34:48 Murder Holes
34:34 Treadmill Crane
37:01 Guilds
37:26 Siege Engineers
40:04 Hoardings
42:08 Coinage
听风昕宇
9:44 Feudal Age
10:16 Feudal Age
11:10 Double-Bit Axe
11:50 Horse Collar
16:35 Loom
20:04 Castle Age
18:17 Scale Barding Armor
19:09 Forging
20:36 Wheelbarrow
21:53 Husbandry
24:02 Loom
28:09 Gold Mining
28:41 Hand Cart
28:39 Bow Saw
30:51 Devotion
30:54 Heavy Plow
35:19 Imperial Age
33:41 Iron Casting
33:38 Caravan
36:21 Blast Furnace
35:35 Man-at-Arms
36:44 Conscription
36:47 Squires
38:09 Chemistry
36:33 Crossbowman
37:33 Forced Levy
37:01 Long Swordsman
37:29 Arson
37:37 Fletching
37:48 Padded Archer Armor
37:38 Arbalester
38:31 Thumb Ring
38:18 Two-Handed Swordsman
39:13 Bodkin Arrow
39:55 Ballistics
40:36 Bracer
40:52 Leather Archer Armor
40:54 Masonry
40:47 Elite Karambit Warrior
42:15 Crop Rotation
Connection lost

Rejoining the realm…

Still unreachable

The connection could not be restored.

Session expired

The server has moved on; the page needs a fresh start.